 Dungeon Crawl Stone Soup version 0.32-a0-656-g3542139ebd (webtiles) character file.

Game seed: 4465501665010287067

215 Dittersdorf the Covered (level 5, -1/34 HPs)
             Began as a Gargoyle Fighter on Mar 8, 2024.
             Slain by an orc wizard
             ... wielding a +4 dagger
              (5 damage)
             ... on level 3 of the Dungeon.
             The game lasted 00:02:31 (1494 turns).

Dittersdorf the Covered (Gargoyle Fighter)          Turns: 1494, Time: 00:02:31

Health: -1/34      AC: 11    Str: 21    XL:     5   Next: 92%
Magic:  5/5        EV: 14    Int: 15    God:
Gold:   27         SH:  4    Dex:  9    Spells: 4/4 levels left

rFire   . . .        a - +0 flail
rCold   . . .        c - +0 buckler
rNeg    + . .        b - +0 scale mail
rPois   ∞            (no helmet)
rElec   +            (no cloak)
rCorr   .            (no gloves)
SInv    .            (no boots)
Will    .....        (no amulet) Stlth
                     m - +5 ring of evasion
HPRegen 0.25/turn    r - +6 ring of intelligence
MPRegen 0.09/turn

%: no passive effects
@: no status effects
A: sickness immunity, AC +4, negative energy resistance 1, electricity
resistance, torment resistance 1, petrification resistance
a: no special abilities


You were on level 3 of the Dungeon.
You visited 1 branch of the dungeon, and saw 3 of its levels.

You collected 27 gold pieces.

Inventory:

Hand Weapons
 a - a +0 flail (weapon)
Armour
 b - a +0 scale mail (worn)
 c - a +0 buckler (worn)
 k - a +0 plate armour
 o - a +0 tower shield
Jewellery
 m - a +5 ring of evasion (left hand)
 r - a +6 ring of intelligence (right hand)
Scrolls
 g - a scroll of identify {unknown}
 h - 2 scrolls of revelation {unknown}
 i - a scroll of fog {unknown}
 n - a scroll of teleportation {unknown}
Potions
 d - a potion of might
 e - 2 potions of curing {unknown}
 f - a potion of resistance {unknown}
 j - a potion of degeneration {unknown}
 l - a potion of invisibility {unknown}
 p - a potion of heal wounds {unknown}
 q - 2 potions of cancellation {unknown}


   Skills:
 + Level 4.4 Fighting
 + Level 3.3 Maces & Flails
 + Level 4.5 Armour
 + Level 4.5 Shields


You had 4 spell levels left.
You didn't know any spells.
Your spell library was empty.

Dungeon Overview and Level Annotations

Branches:
Dungeon (3/15)

Altars:
Uskayaw


Innate Abilities, Weirdness & Mutations

You are immune to sickness and miasma.
Your stone body is resilient. (AC +4)
You are immune to poison.
You resist negative energy. (rN+)
You are resistant to electric shocks. (rElec)
You are resistant to unholy torment.
You are immune to petrification.


Message History

You are too injured to fight recklessly!
You are too injured to fight recklessly!
You barely miss the orc wizard.
The orc wizard is severely wounded.
You block something's attack.
The orc wizard hits you but does no damage.
The orc misses you.
You barely miss the orc wizard.
The orc wizard is severely wounded.
Something hits you. The orc misses you.
The orc wizard hits you but does no damage.
Something hits you.
The orc wizard hits you but does no damage.
The orc hits you but does no damage.
You closely miss the orc wizard.
The orc wizard is severely wounded.
Something hits you but does no damage. You block the orc wizard's attack.
The orc barely misses you.
You sock the orc wizard!
You kill the orc wizard!
You hear some strange, mumbled words.
You are confused.
The orc hits you but does no damage. The orc closely misses you.
Something hits you.
* * * LOW HITPOINT WARNING * * *
You miss the orc. Something completely misses you.
The orc hits you with a +0 flail.
* * * LOW HITPOINT WARNING * * *
Something hits you but does no damage. Something hits you but does no damage.
You're too confused to move!
Something hits you.
* * * LOW HITPOINT WARNING * * *
The orc closely misses you.
You barely miss the orc.
You feel less confused. You block something's attack.
The orc barely misses you. The orc attacks as it pursues you!
The orc closely misses you.
There is a stone staircase leading up here.
Something hits you.
You die...

........................
..............†)........
......................##
......................#
#.#...........##########
...............##
................#
.#.#.....†......####
.........@..........#
........o{..#.......#
............#.......#
............+.......#
............#.......#
.............#.#.....
.......)......_......
........)..).#.#....
.................


You could see an orc.

Vanquished Creatures
  A water moccasin (D:2)
  An orc priest (D:2)
  An orc wizard (D:3)
  3 orcs (D:3)
  3 bats
  3 endoplasms (D:1)
  3 giant cockroaches
  3 goblins
  6 hobgoblins
  3 jackals (D:2)
  6 kobolds
  2 quokkas
  4 ball pythons
  7 rats
46 creatures vanquished.

Notes
Turn   | Place    | Note
-------+----------+-------------------------------------------
     0 | D:1      | Dittersdorf the Gargoyle Fighter began the quest for the
                  | Orb.
     0 | D:1      | Reached XP level 1. HP: 14/14 MP: 1/1
    63 | D:1      | Reached XP level 2. HP: 13/19 MP: 2/2
   711 | D:2      | Reached XP level 3. HP: 23/23 MP: 3/3
   992 | D:2      | Found a faded altar of an unknown god.
  1299 | D:3      | Found a hide-covered altar of Uskayaw.
  1386 | D:3      | Noticed a water moccasin
  1397 | D:2      | Reached XP level 4. HP: 26/29 MP: 4/4
  1431 | D:2      | Killed a water moccasin
  1432 | D:2      | Reached XP level 5. HP: 26/34 MP: 5/5
  1494 | D:3      | Slain by an orc wizard

Illustrated notes

Levels and vault maps discovered:
D:1:      lightli_arrival_quake, layout_basic, serial_park_tiny_pond
D:2:      layout_loops_ring, hellmonk_ecumenical_altar_run_dry,
          nicolae_figureground_sparkle
D:3:      layout_basic, lemuel_crystal_altar, minivault_19, uniq_sigmund

Skill      XL: |  1  2  3  4 |
---------------+-------------+-----
Armour         | 4 |  4.5
Shields        | 4 |  4.5
Fighting       | 4 |  4.4
Maces & Flails | 3 |  3.3

Action                     |  1- 3 |  4- 6 || total
---------------------------+-------+-------++-------
  Melee: Flail             |   127 |    34 ||   161
 Armour: Scale mail        |    90 |    42 ||   132
  Dodge: Dodged            |    80 |    34 ||   114
  Block: Buckler           |    34 |     7 ||    41

Table legend: (Time is in decaauts)
 A = Elapsed time spent in this place.
 B = Non-inter-level travel time spent in this place.
 C = Inter-level travel time spent in this place.
 D = Time resting spent in this place.
 E = Time spent auto-exploring this place.
 F = Levels seen in this place.
 G = Mean time per level.
                   A        B        C        D        E       F      G
               +--------+--------+--------+--------+--------+-----+--------+
         Total |   1546 |   1497 |     49 |     83 |   1017 |   3 |  515.3 |
       Dungeon |   1546 |   1497 |     49 |     83 |   1017 |   3 |  515.3 |
               +--------+--------+--------+--------+--------+-----+--------+

Top non-repeatable levels by time:
     D:1: 730 daAuts
     D:2: 714 daAuts
     D:3: 102 daAuts
